 Dungeon Crawl Stone Soup version 0.22.1-1-ga44c0e5 (webtiles) character file.

149 dvd the Stinger (level 5, -4/28 HPs)
             Began as a Deep Elf Venom Mage on Oct 25, 2018.
             Shot with an arrow by a centaur (12 damage)
             ... on level 3 of the Dungeon.
             The game lasted 00:07:12 (2780 turns).

dvd the Stinger (Deep Elf Venom Mage)               Turns: 2780, Time: 00:07:12

Health: -4/28      AC:  8    Str:  5    XL:     5   Next: 9%
Magic:  6/12       EV: 13    Int: 21    God:
Gold:   64         SH:  0    Dex: 15    Spells: 5/11 levels left

rFire    . . .     SeeInvis .   f - +0 short sword
rCold    + . .     Gourm    .   (no shield)
rNeg     . . .     Faith    .   o - +2 robe {rC+}
rPois    .         Spirit   .   b - +0 helmet
rElec    .         Reflect  .   (no cloak)
rCorr    .         Harm     .   h - +2 pair of gloves
MR       .....                  (no boots)
Stlth    ++........             (no amulet)
HPRegen  0.09/turn              (no ring)
MPRegen  0.13/turn              (no ring)

@: no status effects
A: no striking features
a: no special abilities


You were on level 3 of the Dungeon.
You were not hungry.

You visited 1 branch of the dungeon, and saw 3 of its levels.

You collected 64 gold pieces.

Inventory:

Hand Weapons
 a - a +0 whip of venom
 d - a +0 dagger
 f - a +0 short sword (weapon)
Armour
 b - a +0 helmet (worn)
 h - a +2 pair of gloves (worn)
 o - a +2 robe of cold resistance (worn)
Scrolls
 i - a scroll of fog {unknown}
 j - 2 scrolls of identify
 l - a scroll of remove curse
Potions
 e - 2 potions of heal wounds {unknown}
 k - a potion of curing
 m - a potion of flight {unknown}
Comestibles
 c - 2 rations
 g - 4 chunks of flesh


   Skills:
 + Level 0.3 Fighting
 + Level 0.1 Short Blades
 + Level 0.2 Armour
 + Level 3.0 Dodging
 - Level 2.4 Stealth
 + Level 3.9 Spellcasting
 + Level 1.4 Conjurations
 + Level 1.5 Air Magic
 * Level 5.1 Poison Magic


You had 5 spell levels left.
You knew the following spells:

 Your Spells              Type           Power        Failure   Level  Hunger
a - Sting                 Conj/Pois      ###.         3%          1    None
b - Poisonous Vapours     Pois/Air       ###...       4%          2    #......
c - Mephitic Cloud        Conj/Pois/Air  ###.....     12%         3    ###....

Your spell library contained the following spells:

 Spells                   Type           Power        Failure   Level  Hunger
 Olgreb's Toxic Radiance  Pois           ####....     14%         4    ####...
 Venom Bolt               Conj/Pois      ###.......   65%         5    ######.


Dungeon Overview and Level Annotations

Branches:
Dungeon (3/15)

Altars:
Ru
Xom
The Shining One


Message History

Confirm with . or Enter, or press ? or * to list all spells.
Aiming: Poisonous Vapours (safe; 4% risk of failure)
Press: ? - help, Dir - move target cursor, f - rat
Aim: a rat Poisonous vapours surround the rat!
The rat is engulfed in poison gas.
The rat is poisoned.
You kill the rat!
A centaur comes into view.
The centaur wields a shortbow.
The centaur shoots an arrow.
The arrow hits you!
The centaur shoots an arrow.
The arrow hits you!
* * * LOW HITPOINT WARNING * * *
You see here 2 arrows.
Casting: Poisonous Vapours (safe; 4% risk of failure)
Confirm with . or Enter, or press ? or * to list all spells.
Aiming: Poisonous Vapours (safe; 4% risk of failure)
Press: ? - help, Dir - move target cursor, f - centaur
Aim: a centaur, wielding a shortbow Poisonous vapours surround the centaur!
The centaur is engulfed in poison gas.
The centaur is poisoned.
The centaur shoots an arrow.
The arrow hits you!
You die...

## ## ##. .## ..#..#
....# #######.#c###
.......@....#
##.....(#.#.#
###.#.#..# # ...
.........# ###.#
###.#.#..# ....
.........# #..#
##.#####.# #..# ##.##
#.#
#..###.#.####.#######


You could see a centaur.

Vanquished Creatures
  An orc wizard (D:2)
  4 adders
  2 oozes
  3 worms (D:2)
  4 leopard geckos
  5 orcs (D:3)
  6 bats
  A giant cockroach (D:3)
  9 hobgoblins
  5 jackals
  2 quokkas (D:2)
  A ball python (D:2)
  A frilled lizard (D:2)
  4 goblins
  4 kobolds
  9 rats
61 creatures vanquished.

Notes
Turn   | Place    | Note
-------+----------+-------------------------------------------
     0 | D:1      | dvd the Deep Elf Venom Mage began the quest for the Orb.
     0 | D:1      | Reached XP level 1. HP: 10/10 MP: 6/6
   244 | D:1      | Reached XP level 2. HP: 15/15 MP: 6/8
   293 | D:1      | Learned a level 2 spell: Poisonous Vapours
  1270 | D:2      | Reached skill level 4 in Poison Magic
  1275 | D:2      | Reached XP level 3. HP: 16/19 MP: 3/9
  1920 | D:2      | Learned a level 3 spell: Mephitic Cloud
  1958 | D:2      | Found a shimmering altar of Xom.
  2083 | D:2      | Reached XP level 4. HP: 24/24 MP: 4/11
  2351 | D:2      | Found a sacrificial altar of Ru.
  2358 | D:2      | Reached skill level 1 in Air Magic
  2364 | D:2      | Reached skill level 5 in Poison Magic
  2501 | D:2      | Found a glowing golden altar of the Shining One.
  2594 | D:3      | Reached XP level 5. HP: 28/28 MP: 1/12
  2775 | D:3      | Noticed a centaur
  2780 | D:3      | Shot with an arrow by a centaur

Skill      XL: |  1  2  3  4 |
---------------+-------------+-----
Poison Magic   | 4 5 |  5.1
Dodging        | 3 |  3.0
Air Magic      | 1 |  1.5
Fighting       | |  0.3
Short Blades   | |  0.1
Armour         | |  0.2
Stealth        | |  2.4
Spellcasting   | |  3.9
Conjurations   | |  1.4

Action                   |  1- 3 |  4- 6 || total
-------------------------+-------+-------++-------
Melee: Dagger            |    28 |       ||    28
       Short sword       |       |    22 ||    22
 Cast: Sting             |    41 |     9 ||    50
       Poisonous Vapours |    31 |    21 ||    52
  Use: Scroll            |     4 |       ||     4
 Stab: Sleeping          |     2 |       ||     2
       Paralysed         |       |     1 ||     1
  Eat: Chunk             |     4 |     3 ||     7
Armor: Robe              |     2 |     8 ||    10
       Leather armour    |     6 |       ||     6
Dodge: Dodged            |    27 |    19 ||    46
